cohdb
Replays
Latest Replays
All Replays
Popular Replays
Top Player Replays
Match Explorer
How It Works
Community
CoH3 Stats
Reddit
Sign in to upload your games and track your stats! →
Sign in with Steam
Match 45897307
Unlisted
Match 45897307
Overview
Messages
Build Orders
End
Construct Infanterie Kompanie
Grenadier Squad
Grenadier Squad
MG 42 Machine Gun Team
GrW 34 Mortar Team
MG 42 Machine Gun Team
GrW 34 Mortar Team
Construct Luftwaffe Kompanie
MG 42 Machine Gun Team
Jäger Squad
Jäger Squad
Jäger Squad
Selects Breakthrough Battlegroup
Selects Assault Grenadiers
Selects Smoke Bombing Run
Selects Incendiary Bombing Run
Selects Rapid Production
Jäger Squad
Construct Panzer Kompanie
Panzer IV Medium Tank
Medical Bunker
Incendiary Bombing Run
Panzer IV Medium Tank
Selects Blitzkrieg
Panzer IV Medium Tank
Incendiary Bombing Run
Panzer IV Medium Tank
Selects Tiger Heavy Tank
Incendiary Bombing Run
Tiger Heavy Tank
Blitzkrieg
Panzer IV Medium Tank
Panzer IV Medium Tank
Pioneer Squad
Jäger Squad
Grenadier Squad
Panzer IV Medium Tank
Panzer IV Medium Tank
Blitzkrieg
Panzer IV Medium Tank
Pioneer Squad
Incendiary Bombing Run
Forward Retreat Point
K0udy^cZ
wilkom
Dog Water
Chiabex
dinamix.fr
seb
eyesonme0223
RetzaM
0
0
Comments
sign in to comment!
No comments posted yet!